 Dungeon Crawl Stone Soup version 0.31.0-11-ge490571c62 (webtiles) character file.

Game seed: 14275745738634452359

162 qw the Skirmisher (level 5, -5/29 HPs)
             Began as a Deep Elf Hunter on Feb 5, 2024.
             Succumbed to an orc wizard's poison
             ... on level 4 of the Dungeon.
             The game lasted 00:01:53 (1946 turns).

qw the Skirmisher (Deep Elf Hunter)                 Turns: 1946, Time: 00:01:54

Health: -5/29      AC:  6    Str: 10    XL:     5   Next: 19%
Magic:  7/7        EV: 11    Int: 14    God:
Gold:   94         SH:  0    Dex: 18    Spells: 4/4 levels left

rFire   . . .        a - +0 shortbow
rCold   . . .        (shield currently unavailable)
rNeg    + . .        d - +1 ring mail
rPois   .            (no helmet)
rElec   .            (no cloak)
rCorr   .            (no gloves)
SInv    .            (no boots)
Will    .....        (no amulet)
Stlth   +            g - ring of positive energy
HPRegen 0.24/turn    (no ring)
MPRegen 0.10/turn

%: no passive effects
@: lethally poisoned (-5 -> -29)
A: no striking features
a: no special abilities


You were on level 4 of the Dungeon.
You visited 1 branch of the dungeon, and saw 4 of its levels.

You collected 94 gold pieces.


   Skills:
 - Level 1.5 Fighting
 + Level 8.6 Ranged Weapons
 - Level 2.4 Dodging
 - Level 1.2 Stealth


You had 4 spell levels left.
You didn't know any spells.
Your spell library was empty.

Inventory:

Hand Weapons
 a - a +0 shortbow (weapon)
Armour
 d - a +1 ring mail (worn)
 e - the +1 leather armour of Insurance {rPois Str-4 Int+2}
   (You found it on level 3 of the Dungeon)

   Str-4:     It affects your strength (-4).
   Int+2:     It affects your intelligence (+2).
   rPois:     It protects you from poison
Jewellery
 g - a ring of positive energy (left hand)
Scrolls
 f - a scroll of enchant weapon {unknown}
 j - a scroll of teleportation {unknown}
Potions
 b - a potion of enlightenment
 c - a potion of curing {unknown}
 h - 3 potions of haste
 i - a potion of resistance {unknown}

Dungeon Overview and Level Annotations

Branches:
Dungeon (3/15)

Altars:
Ru


Message History

You kill the scorpion!
Your extra speed is starting to run out.
A ball python comes into view.
Your Ranged Weapons skill increases to level 8!
You have reached level 5!
You shoot an arrow. The arrow hits the giant cockroach.
The giant cockroach is heavily wounded.
You shoot an arrow. The arrow hits the giant cockroach.
The giant cockroach is almost dead.
The giant cockroach bites you but does no damage.
You shoot an arrow. The arrow hits the giant cockroach!
You kill the giant cockroach!
The orc wizard casts a spell at you. The magic dart hits you!
You shoot an arrow.
The arrow hits the orc wizard but does no damage.
You shoot an arrow. The arrow barely misses the orc wizard.
The orc wizard hits you with a +2 dagger of venom.
You are lethally poisoned!
You shoot an arrow.
The arrow hits the orc wizard but does no damage.
You feel sick.
The orc wizard hits you with a +2 dagger of venom.
You shoot an arrow.
The arrow closely misses the orc wizard.
You feel yourself slow down.
You feel sick.
You shoot an arrow.
The arrow hits the orc wizard but does no damage.
You feel sick.
The orc wizard casts a spell.
The orc wizard flickers and vanishes!
Deactivating autopickup; reactivate with Ctrl-A.
You shoot an arrow.
You feel sick. Something hits you but does no damage.
You are more poisoned.
Something hits you but does no damage.
You are more poisoned.
You shoot an arrow.
You die...

... .
..# ..
... ...
... ...
##.# ..
.S.
#.###.#
#%@{#
##.##
#.# #.#
#!. ###


You could see a ball python.

Vanquished Creatures
  A scorpion (D:4)
  3 adders
  3 dart slugs
  3 ribbon worms
  7 orcs
  5 endoplasms
  3 giant cockroaches
  3 goblins (D:1)
  3 hobgoblins
  4 jackals (D:1)
  2 quokkas
  2 ball pythons (D:1)
  7 bats
  2 frilled lizards (D:1)
  3 kobolds
  2 rats
53 creatures vanquished.

Notes
Turn   | Place    | Note
-------+----------+-------------------------------------------
     0 | D:1      | qw the Deep Elf Hunter began the quest for the Orb.
     0 | D:1      | Reached XP level 1. HP: 12/12 MP: 3/3
     0 | D:1      | 0 ||| qw: Version: 0.3-a-160-g6735b56
     0 | D:1      | 0 ||| qw: Game counter: 6307
     0 | D:1      | 0 ||| qw: Melee chars always use a shield: true
     0 | D:1      | 0 ||| qw: God list: Okawaru
     0 | D:1      | 0 ||| qw: Allow faded altars: false
     0 | D:1      | 0 ||| qw: Do Orc after clearing Dungeon:15 true
     0 | D:1      | 0 ||| qw: Do second Lair branch before Depths: true
     0 | D:1      | 0 ||| qw: Lair rune preference: random
     0 | D:1      | 0 ||| qw: Goals: Normal
     0 | D:1      | 0 ||| PLANNING D:1-11
   114 | D:1      | Reached skill level 6 in Ranged Weapons
   114 | D:1      | Reached XP level 2. HP: 16/16 MP: 4/4
   277 | D:1      | Found a faded altar of an unknown god.
   524 | D:1      | 524 ||| UPGRADING to +0 ring mail.
   534 | D:1      | 534 ||| DROPPING +0 leather armour.
   535 | D:1      | 535 ||| READING scroll labelled DENORO OLATUQUI.
   536 | D:1      | 536 ||| READING 5 scrolls labelled LUWKEE TOANYON.
   536 | D:1      | 536 ||| IDENTIFYING 2 blue potions
   537 | D:1      | 537 ||| DROPPING scroll of butterflies.
   538 | D:1      | 538 ||| DROPPING 2 potions of berserk rage.
   652 | D:2      | 652 ||| READING 4 scrolls of identify.
   652 | D:2      | 652 ||| IDENTIFYING murky sapphire potion
   802 | D:2      | Reached XP level 3. HP: 20/20 MP: 5/5
  1070 | D:2      | Reached skill level 7 in Ranged Weapons
  1419 | D:2      | 1419 ||| UPGRADING to ring of positive energy.
  1420 | D:2      | 1420 ||| READING 4 scrolls of identify.
  1420 | D:2      | 1420 ||| IDENTIFYING fizzy puce potion
  1421 | D:2      | 1421 ||| READING 3 scrolls of identify.
  1421 | D:2      | 1421 ||| IDENTIFYING 3 metallic emerald potions
  1422 | D:2      | 1422 ||| READING 2 scrolls of identify.
  1422 | D:2      | 1422 ||| IDENTIFYING scroll labelled NYNYCUH BICLE
  1423 | D:2      | 1423 ||| READING scroll of identify.
  1423 | D:2      | 1423 ||| IDENTIFYING scroll labelled MATUPSA UZUOTE
  1424 | D:2      | 1424 ||| READING scroll labelled OWIGEVV ASIN.
  1424 | D:2      | 1424 ||| ENCHANTING +0 ring mail.
  1425 | D:2      | 1425 ||| DROPPING scroll of vulnerability.
  1426 | D:2      | 1426 ||| DROPPING potion of degeneration.
  1427 | D:2      | 1427 ||| DROPPING scroll of blinking.
  1475 | D:3      | Found a sacrificial altar of Ru.
  1518 | D:3      | Identified the +1 leather armour of Insurance {rPois Str-4
                  | Int+2}
  1739 | D:3      | Reached XP level 4. HP: 25/25 MP: 6/6
  1901 | D:3      | You fall into a shaft and drop 1 floor!
  1902 | D:4      | Noticed a scorpion
  1903 | D:4      | 1903 ||| DRINKING 4 potions of haste.
  1936 | D:4      | Killed a scorpion
  1937 | D:4      | Reached skill level 8 in Ranged Weapons
  1937 | D:4      | Reached XP level 5. HP: 24/29 MP: 7/7
  1942 | D:4      | HP: 6/29 [orc wizard/+2 dagger of venom (3)]
  1945 | D:4      | HP: 1/29 [poisoned by an orc wizard]
  1946 | D:4      | Succumbed to an orc wizard's poison

Levels and vault maps discovered:
D:1:      minmay_arrival_up_and_down, layout_basic,
          dilly_ecumenical_altar_fadedgnrine
D:2:      layout_basic
D:3:      layout_loops_corners, mainiacjoe_overflow_concentric_impassable,
          grunt_decor_junction, uniq_terence
D:4:      layout_loops_ring, old_standard_altar, trog_butcher_becter,
          xom_redecorated, minmay_temple_entry_glassed_door, uniq_blork_the_orc

Skill      XL: |  1  2  3  4 |
---------------+-------------+-----
Ranged Weapons | 6 7 8 |  8.6
Fighting       | |  1.5
Dodging        | |  2.4
Stealth        | |  1.2

Action                     |  1- 3 |  4- 6 || total
---------------------------+-------+-------++-------
   Fire: Shortbow          |   103 |    69 ||   172
    Use: Scroll            |     8 |       ||     8
         Potion            |       |     1 ||     1
 Armour: Ring mail         |    20 |    19 ||    39
         Leather armour    |     2 |       ||     2
  Dodge: Dodged            |    23 |    16 ||    39

Table legend:
 A = Non-vault XP
 B = Vault XP
 C = Vault XP percentage of total XP
 D = Non-vault monster count
 E = Vault monster count
 F = Vault count percentage of total count
                 A         B        C        D         E       F
            +---------+---------+-------+---------+---------+-------
      Total |     232 |       0 |   0.0 |      53 |       0 |   0.0
            +---------+---------+-------+---------+---------+-------
        D:1 |      34 |       0 |   0.0 |      20 |       0 |   0.0
        D:2 |      45 |       0 |   0.0 |      12 |       0 |   0.0
        D:3 |      43 |       0 |   0.0 |      15 |       0 |   0.0
        D:4 |     110 |       0 |   0.0 |       6 |       0 |   0.0
            +---------+---------+-------+---------+---------+-------
